| TOP OF THE 1ST |
|
Joplin Blasters batting - Pitching for Houston Colt .45's : LHP Manny Gonzales
|
|
Pitching: LHP Manny Gonzales
|
|
|
Batting: RHB Kazuki Arai
|
0-0: Ball 1-0: Ball 2-0: Called Strike 2-1: Foul Ball, location: 2F 2-2: Fly out, F3 (Popup, 3S, EV 72.5 MPH)
|
|
Batting: RHB Mike Bearden
|
0-0: Called Strike 0-1: Fly out, F8 (Flyball, 8RD, EV 78.1 MPH)
|
|
Batting: RHB Mike Valdez
|
0-0: Ball 1-0: Swinging Strike 1-1: Foul Ball, location: 2F 1-2: Ball 2-2: Strikes out looking
|
| Top of the 1st over - 0 runs, 0 hits, 0 errors, 0 left on base; Joplin 0 - Houston 0 |
| BOTTOM OF THE 1ST |
|
Houston Colt .45's batting - Pitching for Joplin Blasters : RHP Paul Gibbens
|
|
Pitching: RHP Paul Gibbens
|
|
|
Batting: RHB Daniel Pena
|
0-0: Called Strike 0-1: Ball 1-1: Foul Ball, location: 2F 1-2: Ball 2-2: Ball 3-2: Foul Ball, location: 2F 3-2: Strikes out swinging
|
|
Batting: LHB Bruce Arvizu
|
0-0: Ball 1-0: Called Strike 1-1: Called Strike 1-2: Strikes out swinging
|
|
Batting: RHB Jason Monico
|
0-0: Foul Ball, location: 2F 0-1: Called Strike 0-2: Ball 1-2: Ground out 5-3 (Groundball, 56, EV 86.2 MPH)
|
| Bottom of the 1st over - 0 runs, 0 hits, 0 errors, 0 left on base; Joplin 0 - Houston 0 |
| TOP OF THE 2ND |
|
Joplin Blasters batting - Pitching for Houston Colt .45's : LHP Manny Gonzales
|
|
Batting: LHB Jim Haggart
|
0-0: Foul Ball, location: 2F 0-1: Fly out, F6 (Line Drive, 6M, EV 55.6 MPH)
|
|
Batting: RHB Brian Hunt
|
0-0: Ball 1-0: Called Strike 1-1: Ground out 5-3 (Groundball, 56S, EV 85.0 MPH)
|
|
Batting: RHB Jerry Yusko
|
0-0: Called Strike 0-1: Foul Ball, location: 2F 0-2: Ball 1-2: Ball 2-2: Ground out 4-3 (Groundball, 34, EV 85.0 MPH)
|
| Top of the 2nd over - 0 runs, 0 hits, 0 errors, 0 left on base; Joplin 0 - Houston 0 |
| BOTTOM OF THE 2ND |
|
Houston Colt .45's batting - Pitching for Joplin Blasters : RHP Paul Gibbens
|
|
Batting: RHB Jarno van Lente
|
0-0: Called Strike 0-1: Foul Ball, location: 2F 0-2: Strikes out swinging
|
|
Batting: LHB Bob Govella
|
0-0: Called Strike 0-1: Ball 1-1: Fly out, F8 (Flyball, 8LXD, EV 95.6 MPH)
|
|
Batting: SHB Terciero Ortiz
|
0-0: Fly out, F2 (Popup, 2R, EV 88.1 MPH)
|
| Bottom of the 2nd over - 0 runs, 0 hits, 0 errors, 0 left on base; Joplin 0 - Houston 0 |
| TOP OF THE 3RD |
|
Joplin Blasters batting - Pitching for Houston Colt .45's : LHP Manny Gonzales
|
|
Batting: SHB Zong-yuan Xue
|
0-0: Ball 1-0: Fly out, F2 (Popup, 2L, EV 93.1 MPH)
|
|
Batting: RHB Bobby Leon
|
0-0: Ball 1-0: DOUBLE (Line Drive, 9LS, EV 100.0 MPH)
|
|
Batting: RHB Carlos Castillo
|
0-0: Called Strike 0-1: Ball 1-1: Called Strike 1-2: Foul Ball, location: 2F 1-2: Foul Ball, location: 2F 1-2: Strikes out swinging, 2-3 out at first.
|
|
Batting: RHB Kazuki Arai
|
0-0: Called Strike 0-1: Swinging Strike 0-2: Ball 1-2: Strikes out swinging
|
| Top of the 3rd over - 0 runs, 1 hit, 0 errors, 1 left on base; Joplin 0 - Houston 0 |
| BOTTOM OF THE 3RD |
|
Houston Colt .45's batting - Pitching for Joplin Blasters : RHP Paul Gibbens
|
|
Batting: RHB John Moore
|
0-0: Called Strike 0-1: Called Strike 0-2: Ball 1-2: Strikes out swinging
|
|
Batting: RHB Patrick Pinault
|
0-0: Ball 1-0: Called Strike 1-1: Ball 2-1: Swinging Strike 2-2: Strikes out looking
|
|
Batting: LHB Ryan Fridley
|
0-0: Ball 1-0: Ball 2-0: SINGLE (Line Drive, 6MD, EV 94.4 MPH)
|
|
Batting: RHB Daniel Pena
|
0-0: Called Strike 0-1: Ball 1-1: Foul Ball, location: 2F 1-2: Ball 2-2: DOUBLE (Flyball, 89D, EV 105.0 MPH) Ryan Fridley to third Runner from 3rd tries for Home, SAFE, throw by CF to home
|
|
Batting: LHB Bruce Arvizu
|
0-0: Ball 1-0: Called Strike 1-1: Swinging Strike 1-2: Foul Ball, location: 2F 1-2: Ball 2-2: Strikes out swinging
|
| Bottom of the 3rd over - 1 run, 2 hits, 0 errors, 1 left on base; Joplin 0 - Houston 1 |
| TOP OF THE 4TH |
|
Joplin Blasters batting - Pitching for Houston Colt .45's : LHP Manny Gonzales
|
|
Batting: RHB Mike Bearden
|
0-0: Called Strike 0-1: Foul Ball, location: 2F 0-2: Ball 1-2: Ball 2-2: Strikes out swinging
|
|
Batting: RHB Mike Valdez
|
0-0: Called Strike 0-1: Ball 1-1: Foul Ball, location: 2F 1-2: Strikes out swinging
|
|
Batting: LHB Jim Haggart
|
0-0: Ball 1-0: Foul Ball, location: 2F 1-1: Ball 2-1: Called Strike 2-2: Strikes out swinging
|
| Top of the 4th over - 0 runs, 0 hits, 0 errors, 0 left on base; Joplin 0 - Houston 1 |
| BOTTOM OF THE 4TH |
|
Houston Colt .45's batting - Pitching for Joplin Blasters : RHP Paul Gibbens
|
|
Batting: RHB Jason Monico
|
0-0: Ball 1-0: Ball 2-0: Called Strike 2-1: Foul Ball, location: 2F 2-2: Strikes out swinging
|
|
Batting: RHB Jarno van Lente
|
0-0: Ball 1-0: Fly out, F8 (Line Drive, 8LM, EV 85.6 MPH)
|
|
Batting: LHB Bob Govella
|
0-0: SINGLE (Line Drive, 7LM, EV 88.1 MPH)
|
|
Batting: SHB Terciero Ortiz
|
0-0: Called Strike 0-1: Called Strike 0-2: Ground out 4-3 (Groundball, 4, EV 104.4 MPH)
|
| Bottom of the 4th over - 0 runs, 1 hit, 0 errors, 1 left on base; Joplin 0 - Houston 1 |
| TOP OF THE 5TH |
|
Joplin Blasters batting - Pitching for Houston Colt .45's : LHP Manny Gonzales
|
|
Batting: RHB Brian Hunt
|
0-0: Ball 1-0: Foul Ball, location: 2F 1-1: Called Strike 1-2: Ball 2-2: Strikes out looking
|
|
Batting: RHB Jerry Yusko
|
0-0: Called Strike 0-1: Ball 1-1: Foul Ball, location: 2F 1-2: Ball 2-2: Strikes out swinging
|
|
Batting: SHB Zong-yuan Xue
|
0-0: Ball 1-0: Ball 2-0: Ground out 6-3 (Groundball, 6, EV 103.1 MPH)
|
| Top of the 5th over - 0 runs, 0 hits, 0 errors, 0 left on base; Joplin 0 - Houston 1 |
| BOTTOM OF THE 5TH |
|
Houston Colt .45's batting - Pitching for Joplin Blasters : RHP Paul Gibbens
|
|
Batting: RHB John Moore
|
0-0: Ball 1-0: Ball 2-0: Foul Ball, location: 2F 2-1: Ball 3-1: Fly out, F8 (Flyball, 89M, EV 90.0 MPH)
|
|
Batting: RHB Patrick Pinault
|
0-0: Called Strike 0-1: Called Strike 0-2: Ball 1-2: Strikes out swinging
|
|
Batting: LHB Ryan Fridley
|
0-0: Called Strike 0-1: Foul Ball, location: 2F 0-2: Strikes out swinging
|
| Bottom of the 5th over - 0 runs, 0 hits, 0 errors, 0 left on base; Joplin 0 - Houston 1 |
| TOP OF THE 6TH |
|
Joplin Blasters batting - Pitching for Houston Colt .45's : LHP Manny Gonzales
|
|
Batting: RHB Bobby Leon
|
0-0: Called Strike 0-1: Ball 1-1: Called Strike 1-2: Ball 2-2: Foul Ball, location: 2F 2-2: Ball 3-2: Base on Balls
|
|
Batting: RHB Carlos Castillo
|
Balk! Bobby Leon to second 0-0: Ball Passed Ball! Bobby Leon to third 1-0: Called Strike 1-1: Fly out, F9 (Flyball, 9, EV 83.1 MPH)
|
|
Batting: RHB Kazuki Arai
|
0-0: Squeeze Bunt to 13S - play home, runner scores, batter safe! Bobby Leon scores
|
|
Batting: RHB Mike Bearden
|
0-0: Ball 1-0: Foul Ball, location: 2F 1-1: Ball Passed Ball! Kazuki Arai to second 2-1: Ball 3-1: Base on Balls
|
|
Batting: RHB Mike Valdez
|
0-0: Swinging Strike 0-1: Ball Passed Ball! Kazuki Arai to third Mike Bearden to second 1-1: Foul Ball, location: 2F 1-2: Strikes out swinging
|
|
Batting: LHB Jim Haggart
|
0-0: Called Strike 0-1: Foul Ball, location: 2F 0-2: Strikes out swinging
|
| Top of the 6th over - 1 run, 0 hits, 0 errors, 2 left on base; Joplin 1 - Houston 1 |
| BOTTOM OF THE 6TH |
|
Houston Colt .45's batting - Pitching for Joplin Blasters : RHP Paul Gibbens
|
|
Pitching: LHP Tristan Irwin
|
|
|
Batting: RHB Daniel Pena
|
0-0: Ball 1-0: SINGLE (Groundball, 4MS, EV 76.9 MPH) (infield hit)
|
|
Batting: LHB Bruce Arvizu
|
0-0: Ball 1-0: Foul Ball, location: 2F 1-1: Ball 2-1: SINGLE (Groundball, 34, EV 96.9 MPH) Daniel Pena to second Throwing error, E9 Daniel Pena scores Bruce Arvizu to second
|
|
Batting: RHB Jason Monico
|
0-0: Intentional Walk
|
|
Batting: RHB Jarno van Lente
|
0-0: Ball 1-0: Fielders Choice at 2nd, 5-4 (Groundball, 56, EV 81.2 MPH) Bruce Arvizu to third
|
|
Batting: LHB Bob Govella
|
0-0: Ball Jarno van Lente steals 2nd base 1-0: Intentional Walk
|
|
Batting: SHB Terciero Ortiz
|
0-0: SINGLE (Groundball, 56, EV 101.2 MPH) (infield hit) Bruce Arvizu scores Jarno van Lente to third Bob Govella to second
|
|
Batting: RHB John Moore
|
0-0: Foul Ball, location: 2F 0-1: Foul Ball, location: 2F 0-2: Ball 1-2: Ball 2-2: Ball 3-2: GRAND SLAM HOME RUN (Flyball, 78XD, EV 106.2 MPH), Distance : 413 ft
|
|
Pitching: LHP Bin Ya
|
|
|
Batting: RHB Patrick Pinault
|
0-0: Ball 1-0: Called Strike 1-1: Called Strike 1-2: Strikes out swinging
|
|
Batting: LHB Ryan Fridley
|
0-0: Called Strike 0-1: Foul Ball, location: 2F 0-2: Ball 1-2: Ball 2-2: Strikes out looking
|
| Bottom of the 6th over - 6 runs, 4 hits, 1 error, 0 left on base; Joplin 1 - Houston 7 |
| TOP OF THE 7TH |
|
Joplin Blasters batting - Pitching for Houston Colt .45's : LHP Manny Gonzales
|
|
Batting: RHB Brian Hunt
|
0-0: Ball 1-0: Foul Ball, location: 2F 1-1: Ball 2-1: Ball 3-1: Foul Ball, location: 2F 3-2: Strikes out swinging
|
|
Batting: RHB Jerry Yusko
|
0-0: Called Strike 0-1: Foul Ball, location: 2F 0-2: Strikes out swinging
|
|
Batting: SHB Zong-yuan Xue
|
0-0: Called Strike 0-1: Foul Ball, location: 2F 0-2: DOUBLE (Line Drive, 8RD, EV 91.9 MPH)
|
|
Batting: RHB Bobby Leon
|
0-0: Ball 1-0: Foul Ball, location: 2F 1-1: Called Strike 1-2: Strikes out swinging
|
| Top of the 7th over - 0 runs, 1 hit, 0 errors, 1 left on base; Joplin 1 - Houston 7 |
| BOTTOM OF THE 7TH |
|
Houston Colt .45's batting - Pitching for Joplin Blasters : LHP Bin Ya
|
|
Batting: RHB Daniel Pena
|
0-0: Ball 1-0: Ball 2-0: Ball 3-0: Called Strike 3-1: Base on Balls
|
|
Batting: LHB Bruce Arvizu
|
0-0: Called Strike 0-1: Ball 1-1: Swinging Strike 1-2: Ball 2-2: Foul Ball, location: 2F 2-2: Strikes out swinging
|
|
Batting: RHB Jason Monico
|
0-0: Ball 1-0: Ball 2-0: Fielders Choice at 2nd, 6-4 (Groundball, 56, EV 90.6 MPH)
|
|
Batting: RHB Jarno van Lente
|
0-0: Ball 1-0: Ball 2-0: Called Strike 2-1: Ball 3-1: Foul Ball, location: 2F 3-2: Strikes out swinging
|
| Bottom of the 7th over - 0 runs, 0 hits, 0 errors, 1 left on base; Joplin 1 - Houston 7 |
| TOP OF THE 8TH |
|
Joplin Blasters batting - Pitching for Houston Colt .45's : LHP Manny Gonzales
|
|
Pitching: RHP Vinny Salazar
|
|
|
Batting: RHB Carlos Castillo
|
0-0: Foul Ball, location: 2F 0-1: Called Strike 0-2: Ball 1-2: Strikes out swinging
|
|
Batting: RHB Kazuki Arai
|
0-0: Called Strike 0-1: Ball 1-1: Foul Ball, location: 2F 1-2: Ball 2-2: Ball 3-2: Base on Balls
|
|
Batting: RHB Mike Bearden
|
0-0: Ball 1-0: Ball 2-0: Ball 3-0: Base on Balls Kazuki Arai to second
|
|
Batting: RHB Mike Valdez
|
0-0: Called Strike 0-1: Foul Ball, location: 2F 0-2: Strikes out swinging
|
|
Batting: LHB Jim Haggart
|
0-0: Fly out, F7 (Flyball, 7LSF, EV 95.0 MPH)
|
| Top of the 8th over - 0 runs, 0 hits, 0 errors, 2 left on base; Joplin 1 - Houston 7 |
| BOTTOM OF THE 8TH |
|
Houston Colt .45's batting - Pitching for Joplin Blasters : LHP Bin Ya
|
|
Batting: LHB Bob Govella
|
0-0: Ball 1-0: Swinging Strike 1-1: Foul Ball, location: 2F 1-2: Foul Ball, location: 2F 1-2: Foul Ball, location: 2F 1-2: Ball 2-2: Strikes out looking
|
|
Pitching: RHP Itsuki Eguchi
|
|
|
Batting: SHB Terciero Ortiz
|
0-0: Ball 1-0: Ball 2-0: Fly out, F7 (Flyball, 78M, EV 71.9 MPH)
|
|
Batting: RHB John Moore
|
0-0: Ball 1-0: Ground out 5-3 (Groundball, 5S, EV 80.0 MPH)
|
| Bottom of the 8th over - 0 runs, 0 hits, 0 errors, 0 left on base; Joplin 1 - Houston 7 |
| TOP OF THE 9TH |
|
Joplin Blasters batting - Pitching for Houston Colt .45's : RHP Vinny Salazar
|
|
Batting: RHB Brian Hunt
|
0-0: Ground out 4-3 (Groundball, 4M, EV 82.5 MPH)
|
|
Batting: RHB Jerry Yusko
|
0-0: Called Strike 0-1: Ball 1-1: Called Strike 1-2: Strikes out swinging
|
|
Batting: SHB Zong-yuan Xue
|
0-0: Ball 1-0: Ball 2-0: Foul Ball, location: 2F 2-1: Swinging Strike 2-2: Ball 3-2: Foul Ball, location: 2F 3-2: Base on Balls
|
|
Batting: RHB Bobby Leon
|
0-0: SINGLE (Groundball, 25, EV 66.2 MPH) (infield hit) Zong-yuan Xue to second
|
|
Batting: RHB Carlos Castillo
|
0-0: Called Strike 0-1: Foul Ball, location: 2F 0-2: Ball 1-2: Foul Ball, location: 2F 1-2: Ball 2-2: Fly out, F9 (Flyball, 9S, EV 95.6 MPH)
|
| Top of the 9th over - 0 runs, 1 hit, 0 errors, 2 left on base; Joplin 1 - Houston 7 |
|